 Dungeon Crawl Stone Soup version 0.27.1-33-g824d729ab1 (webtiles) character file.

Game seed: 16795460129832170844

17 SensoryNuts the Skirmisher (level 2, -2/32 HPs)
             Began as an Ogre Monk on Dec 6, 2021.
             Slain by an adder (3 damage)
             ... on level 2 of the Dungeon.
             The game lasted 00:01:10 (1039 turns).

SensoryNuts the Skirmisher (Ogre Monk)              Turns: 1039, Time: 00:01:11

Health: -2/32      AC:  3    Str: 14    XL:     2   Next: 62%
Magic:  2/2        EV: 10    Int: 11    God:
Gold:   53         SH:  0    Dex: 11    Spells: 1/1 levels left

rFire    . . .     SeeInvis .   a - +0 hand axe
rCold    . . .     Faith    .   (no shield)
rNeg     . . .     Spirit   .   b - +0 robe
rPois    .         Reflect  .   (helmet restricted)
rElec    .         Harm     .   (no cloak)
rCorr    .         Rampage  .   (gloves unavailable)
Will     .....                  (boots unavailable)
Stlth    ++........             (no amulet)
HPRegen  0.10/turn              (no ring)
MPRegen  0.08/turn              (no ring)

@: lethally poisoned (-2 -> -6)
A: large, unfitting armour, tough skin 1
a: no special abilities


You were on level 2 of the Dungeon.
You visited 1 branch of the dungeon, and saw 2 of its levels.

You collected 53 gold pieces.

Inventory:

Hand Weapons
 a - a +0 hand axe (weapon)
Armour
 b - a +0 robe (worn)
 d - a +0 helmet
Scrolls
 c - a scroll of noise {unknown}
Potions
 e - 2 potions of attraction {unknown}
 f - a potion of mutation {unknown}
 g - a potion of magic {unknown}


   Skills:
 + Level 4.2 Fighting
 + Level 3.3 Axes
 + Level 3.0 Dodging
 + Level 1.4 Stealth


You had one spell level left.
You didn't know any spells.
Your spell library contained the following spells:

 Spells                   Type           Power      Damage    Failure   Level
 Ozocubu's Armour         Ice            0%         N/A       71%         3
 Metabolic Englaciation   Hex/Ice        0%         N/A       100%        5
 Simulacrum               Ice/Necr       0%         N/A       100%        6


Dungeon Overview and Level Annotations

Branches:
Dungeon (2/15)

Altars:


Innate Abilities, Weirdness & Mutations

You are too large for most types of armour.
You have tough skin. (AC +1)


Message History

An adder is nearby!
You barely miss the adder. The adder bites you.
You are poisoned.
The adder poisons you! The adder misses you.
You closely miss the adder.
You feel sick. The adder bites you but does no damage.
You closely miss the adder.
You feel sick. The adder misses you. The adder bites you.
You barely miss the adder.
You feel sick. The adder closely misses you.
You miss the adder.
You feel sick.
You are no longer poisoned.
The adder bites you.
You are poisoned.
The adder poisons you!
You hit the adder but do no damage.
You feel sick. The adder bites you.
You are more poisoned.
The adder poisons you! The adder bites you but does no damage.
You closely miss the adder.
You feel sick. The adder bites you.
You are lethally poisoned!
The adder poisons you!
You hit the adder.
The adder is lightly wounded.
* * * LOW HITPOINT WARNING * * *
You feel very sick. The adder completely misses you.
The adder barely misses you.
You closely miss the adder.
The adder is lightly wounded.
* * * LOW HITPOINT WARNING * * *
You feel sick. The adder barely misses you.
You barely miss the adder.
The adder is lightly wounded.
* * * LOW HITPOINT WARNING * * *
You feel sick. The adder bites you.
* * * LOW HITPOINT WARNING * * *
The adder misses you.
You hit the adder but do no damage.
The adder is lightly wounded.
* * * LOW HITPOINT WARNING * * *
You feel sick. The adder bites you.
You die...

#.#####.#
#.....#.#.#
#...#.#.#.#
#.#.#.#.#.#
#.#<#.#.#.#
#.###.#.#.#
#.#...#.#.#
#.#.#.#.#S#
#.#.###.#@#
#.#.....#.#
#.#######.###...
#.............#
#######.......#
#.......#
#########


You could see an adder.

Vanquished Creatures
  An endoplasm (D:1)
  4 goblins (D:1)
  A kobold (D:1)
  A ball python (D:1)
  7 bats (D:1)
  2 frilled lizards (D:1)
16 creatures vanquished.

Notes
Turn   | Place    | Note
-------+----------+-------------------------------------------
     0 | D:1      | SensoryNuts the Ogre Monk began the quest for the Orb.
     0 | D:1      | Reached XP level 1. HP: 24/24 MP: 1/1
   252 | D:1      | Reached XP level 2. HP: 27/32 MP: 2/2
  1039 | D:2      | HP: 1/32 [poisoned by an adder]
  1039 | D:2      | Slain by an adder

Illustrated notes

Levels and vault maps discovered:
D:1:      mrwooster_arrival_statue_3, layout_rooms
D:2:      layout_basic, shapermc_ecumenical_altar_acropolis, uniq_robin

Skill      XL: |  1 |
---------------+----+-----
Dodging        | 3 |  3.0
Fighting       | |  4.2
Axes           | |  3.3
Stealth        | |  1.4

Action                   || total
-------------------------++-------
Melee: Hand axe          ||    53
Armor: Robe              ||    46
Dodge: Dodged            ||    73
